 Dungeon Crawl Stone Soup version 0.30-a0-1157-g2cc9ac7196 (webtiles) character file.

Game seed: 10658763052421933970

1127 ytrimaz the Cleaver (level 8, 0/58 HPs)
             Began as a Demonspawn Fighter on Apr 24, 2023.
             Slain by a gnoll
             ... wielding a +1 spear of flaming
             ... led by a gnoll sergeant
              (2 damage)
             ... on level 5 of the Dungeon.
             The game lasted 00:04:45 (3795 turns).

ytrimaz the Cleaver (Demonspawn Fighter)            Turns: 3795, Time: 00:04:45

Health: 0/58       AC: 18    Str: 18    XL:     8   Next: 13%
Magic:  8/8        EV:  5    Int: 10    God:
Gold:   188        SH:  5    Dex: 13    Spells: 7/7 levels left

rFire   . . .        a - +1 war axe
rCold   . . .        c - +0 buckler
rNeg    . . .        k - +0 plate armour
rPois   .            (helmet restricted)
rElec   .            (no cloak)
rCorr   .            (no gloves)
SInv    .            o - +0 pair of boots
Will    .....        (no amulet) Stlth
                     (no ring)
HPRegen 0.29/turn    (no ring)
MPRegen 0.11/turn

%: no passive effects
@: brilliant, sanguine armoured, invisible
A: antennae 2, icemail 1, sanguine armour 1, condensation shield
a: no special abilities


You were on level 5 of the Dungeon.
You visited 1 branch of the dungeon, and saw 5 of its levels.
You also visited: Sewer.

You collected 188 gold pieces.


Innate Abilities, Weirdness & Mutations

You have a pair of antennae on your head.
A meltable icy envelope protects you from harm. (AC +0)
When seriously injured, your blood forms armour. (AC +6)
A meltable shield of frost defends you. (SH +0)


   Skills:
 - Level 3.0 Fighting
 + Level 8.5 Axes
 - Level 2.6 Armour
 - Level 4.0 Shields


You had 7 spell levels left.
You didn't know any spells.
Your spell library contained the following spells:

 Spells                   Type           Power      Damage    Failure   Level
 Gell's Gravitas          Tloc           0%         N/A       100%        3
 Teleport Other           Tloc           0%         N/A       100%        3
 Dispersal                Tloc           0%         N/A       100%        6

Inventory:

Hand Weapons
 a - a +1 war axe (weapon)
Armour
 c - a +0 buckler (worn)
 k - a +0 plate armour (worn)
   (You found it on level 2 of the Dungeon)
 o - a +0 pair of boots (worn)
   (You found it on level 3 of the Dungeon)
Wands
 l - a wand of charming (9)
   (You found it on level 3 of the Dungeon)
 s - a wand of iceblast (8)
   (You took it off Ijyb on level 4 of the Dungeon)
Scrolls
 h - 2 scrolls of teleportation
 i - a scroll of immolation
 n - 2 scrolls of blinking
 p - a scroll of enchant weapon
Potions
 e - a potion of berserk rage {unknown}
 f - a potion of degeneration {unknown}
 g - a potion of lignification {unknown}
 j - a potion of invisibility
 m - a potion of brilliance
 q - a potion of heal wounds {unknown}

Dungeon Overview and Level Annotations

Branches:
Dungeon (5/15) Zot: 26398   Sewer (visited)
 Temple: D:4-7

Altars:

#...........#
##.........##
#.........#
#.........#
##.......##
##......#
#.....##
...####)).##
.......)@.#
......lghg#
.....###...#
..... .....#
.... ......#
... .........
###
.....##...
..[..## ...


You could see a gnoll sergeant (unable to see you), a howler monkey (unable to
see you), an iguana (unable to see you) and a gnoll (unable to see you).


Message History

The howler monkey hits you but does no damage. 😮 HP[-9]
You take 9 damage, and now have 31/58 hp.
You are too injured to fight recklessly!
You hit the gnoll sergeant but do no damage.
You barely miss the gnoll. You barely miss the howler monkey.
The gnoll hits you with a +0 flail.
The gnoll hits you from afar with a +1 spear of flaming.
The gnoll burns you.
* * * LOW HITPOINT WARNING * * *
The gnoll sergeant hits you with a +0 trident.
* * * LOW HITPOINT WARNING * * *
The howler monkey hits you but does no damage. 😨 HP[-6]
You take 6 damage, and now have 25/58 hp.
You are too injured to fight recklessly!
You hit the gnoll sergeant but do no damage.
You hit the gnoll. You slash the howler monkey!
The gnoll hits you with a +0 flail.
* * * LOW HITPOINT WARNING * * *
The gnoll hits you from afar with a +1 spear of flaming.
* * * LOW HITPOINT WARNING * * *
The gnoll burns you.
* * * LOW HITPOINT WARNING * * *
The gnoll sergeant hits you with a +0 trident!
* * * LOW HITPOINT WARNING * * *
The howler monkey hoots and howls with incredible vigour!
Something shouts, "Slither hence, thou defiled fen-sucked efter!"
You are too injured to fight recklessly!
Unknown command. 😱 HP[-19]
You take 19 damage, and now have 6/58 hp.
MASSIVE DAMAGE!! (PAUSE)
You feel better.
The howler monkey hits you but does no damage.
The gnoll hits you but does no damage. x2
You block the gnoll sergeant's attack.
The howler monkey hits you but does no damage. 😱 HP[+7]
You regained 7 hp, and now have 13/58 hp.
Unknown command.
You completely miss the gnoll sergeant. You slash the gnoll!
You kill the gnoll!
You closely miss the howler monkey. The gnoll hits you but does no damage.
The gnoll sergeant hits you with a +0 trident.
* * * LOW HITPOINT WARNING * * *
The howler monkey hits you but does no damage. 😱 HP[-5]
You take 5 damage, and now have 8/58 hp.
Unknown command.
The gnoll completely misses you.
The gnoll sergeant hits you but does no damage.
The howler monkey hits you but does no damage. 😱 HP[+1] Unknown command.
You completely miss the gnoll sergeant. You barely miss the howler monkey.
You hit the gnoll but do no damage.
An iguana comes into view.
You block the gnoll's attack.
The gnoll sergeant hits you but does no damage.
The howler monkey hits you but does no damage.
The gnoll hits you with a +1 spear of flaming.
* * * LOW HITPOINT WARNING * * *
The gnoll burns you.
* * * LOW HITPOINT WARNING * * *
The gnoll sergeant hits you but does no damage. 😱 HP[-6]
You take 6 damage, and now have 3/58 hp.
Unknown command.
You feel better.
The iguana hisses angrily.
The howler monkey hoots and howls with incredible vigour!
The gnoll hits you with a +1 spear of flaming.
* * * LOW HITPOINT WARNING * * *
The gnoll burns you.
* * * LOW HITPOINT WARNING * * *
The howler monkey closely misses you.
The gnoll sergeant hits you but does no damage.
You hear an angry hiss. 😱 HP[+6]
You regained 6 hp, and now have 9/58 hp.
It was a potion of invisibility.
You fade into invisibility!
You block the howler monkey's attack. The gnoll hits you but does no damage.
The gnoll sergeant hits you with a +0 trident.
* * * LOW HITPOINT WARNING * * *
😱 HP[-3]
You take 3 damage, and now have 6/58 hp.
It was a potion of brilliance.
You feel clever all of a sudden. You block the howler monkey's attack.
The gnoll hits you but does no damage. The gnoll sergeant barely misses you.
Unknown command.
You hit the gnoll sergeant. You hit the gnoll.
You barely miss the howler monkey.
The howler monkey hits you but does no damage.
The gnoll hits you with a +1 spear of flaming.
* * * LOW HITPOINT WARNING * * *
The gnoll burns you.
You die...

Skill      XL: |  1  2  3  4  5  6  7 |
---------------+----------------------+-----
Axes           | 2 4 6 8 |  8.5
Shields        | 3 4 |  4.0
Fighting       | |  3.0
Armour         | |  2.6

Action                     |  1- 3 |  4- 6 |  7- 9 || total
---------------------------+-------+-------+-------++-------
  Melee: War axe           |   116 |   134 |    98 ||   348
    Use: Scroll            |       |     7 |     2 ||     9
         Potion            |       |     3 |     4 ||     7
 Armour: Scale mail        |    40 |       |       ||    40
         Plate armour      |    30 |    67 |    96 ||   193
  Dodge: Dodged            |    39 |    37 |    32 ||   108
  Block: Buckler           |    32 |    60 |    58 ||   150

Levels and vault maps discovered:
D:1:      ncdulo_halloftheorcs, layout_basic, dk_noncrumbling_2
D:2:      layout_basic, hellmonk_ecumenical_altar_watching_god
D:3:      layout_loops_corners, portal_sewer_entry_c, uniq_grinder
D:4:      layout_loops_ring, mainiacjoe_overflow_alcove_1, uniq_ijyb,
          uniq_sigmund, uniq_robin, uniq_menkaure
D:5:      layout_cave_pods, minmay_temple_entry_water_ring

Notes
Turn   | Place    | Note
-------+----------+-------------------------------------------
     0 | D:1      | ytrimaz the Demonspawn Fighter began the quest for the Orb.
     0 | D:1      | Reached XP level 1. HP: 18/18 MP: 1/1
     0 | D:1      | magus.rc [v1.9.6]
    46 | D:1      | Reached skill level 2 in Axes
    46 | D:1      | Reached skill level 3 in Shields
    88 | D:1      | Gained mutation: When seriously injured, your blood forms
                  | armour. (AC +6) [demonic ancestry]
    88 | D:1      | Reached XP level 2. HP: 24/24 MP: 2/2
   331 | D:1      | You add the spells Gell's Gravitas, Teleport Other and
                  | Dispersal to your library.
   649 | D:1      | Gained mutation: A meltable shield of frost defends you.
                  | (SH +0) [demonic ancestry]
   649 | D:1      | Reached XP level 3. HP: 23/29 MP: 3/3
  1292 | D:2      | Found a faded altar of an unknown god.
  1293 | D:2      | Noticed a shining eye
  1300 | D:2      | Noticed a great orb of eyes
  1300 | D:2      | Noticed an eye of devastation
  1300 | D:2      | Noticed a golden eye
  1352 | D:2      | Reached skill level 4 in Shields
  1352 | D:2      | Gained mutation: You have a pair of small antennae on your
                  | head. [demonic ancestry]
  1352 | D:2      | Reached XP level 4. HP: 25/35 MP: 4/4
  1723 | D:3      | Found a glowing drain.
  1757 | D:3      | Reached skill level 3 in Axes
  1764 | Sewer    | Entered a sewer
  1787 | Sewer    | Noticed Pargi
  1799 | Sewer    | Killed Pargi
  1800 | Sewer    | Reached skill level 4 in Axes
  1800 | Sewer    | Gained mutation: A meltable icy envelope protects you from
                  | harm. (AC +0) [demonic ancestry]
  1800 | Sewer    | Reached XP level 5. HP: 30/41 MP: 5/5
  2118 | D:3      | Reached XP level 6. HP: 47/47 MP: 6/6
  2129 | D:3      | Reached skill level 5 in Axes
  2365 | D:3      | Noticed Grinder
  2371 | D:3      | Paralysed by Grinder for 4 turns
  2379 | D:3      | HP: 10/47 [Grinder/nerve-wracking pain (14)]
  2383 | D:3      | HP: 3/47 [Grinder/nerve-wracking pain (8)]
  2386 | D:3      | Killed Grinder
  2387 | D:3      | Reached skill level 6 in Axes
  2914 | D:4      | Noticed Ijyb
  2925 | D:4      | Killed Ijyb
  3023 | D:4      | Noticed Sigmund
  3029 | D:4      | Identified the +1 helmet of Integrity {Will+ Str+2}
  3029 | D:4      | Noticed Robin
  3033 | D:4      | Gained mutation: You have a pair of antennae on your head.
                  | [demonic ancestry]
  3033 | D:4      | Reached XP level 7. HP: 52/52 MP: 7/7
  3036 | D:4      | Killed Robin
  3042 | D:4      | Killed Sigmund
  3043 | D:4      | Reached skill level 7 in Axes
  3045 | D:4      | Noticed Menkaure
  3051 | D:4      | Killed Menkaure
  3458 | D:4      | Reached skill level 8 in Axes
  3566 | D:5      | Entered Level 5 of the Dungeon
  3594 | D:5      | Reached XP level 8. HP: 29/58 MP: 8/8
  3787 | D:5      | HP: 6/58 [gnoll sergeant/+0 trident (9)]
  3792 | D:5      | HP: 10/58 [gnoll/+1 spear of flaming[a gnoll sergeant] (4)]
  3795 | D:5      | HP: 2/58 [gnoll/+1 spear of flaming[a gnoll sergeant] (4)]
  3795 | D:5      | Slain by a gnoll

Vanquished Creatures
  Grinder (D:3)
  Sigmund (D:4)
  Menkaure (D:4)
  Pargi (Sewer)
  A black bear (D:5)
  A kobold brigand (Sewer)
  A scorpion (D:4)
  A hound (D:4)
  Ijyb (D:4)
  An orc priest (D:4)
  2 orc wizards (D:5)
  Robin (D:4)
  4 adders
  4 gnolls (D:5)
  2 worms
  6 orcs
  6 bats
  13 endoplasms
  5 giant cockroaches
  17 goblins
  10 hobgoblins
  10 kobolds
  6 ball pythons
  4 frilled lizards
  11 rats
111 creatures vanquished.

Table legend:
 A = Non-vault XP
 B = Vault XP
 C = Vault XP percentage of total XP
 D = Non-vault monster count
 E = Vault monster count
 F = Vault count percentage of total count
                 A         B        C        D         E       F
            +---------+---------+-------+---------+---------+-------
      Total |     602 |    1009 |  62.6 |      82 |      29 |  26.1
            +---------+---------+-------+---------+---------+-------
        D:1 |      43 |       0 |   0.0 |      24 |       0 |   0.0
        D:2 |      61 |       0 |   0.0 |      17 |       0 |   0.0
        D:3 |      45 |     288 |  86.5 |      19 |       7 |  26.9
        D:4 |     195 |     472 |  70.8 |      14 |      14 |  50.0
        D:5 |     258 |       0 |   0.0 |       8 |       0 |   0.0
      Sewer |       0 |     249 | 100.0 |       0 |       8 | 100.0
            +---------+---------+-------+---------+---------+-------

Skill      XL: |  1  2  3  4  5  6  7 |
---------------+----------------------+-----
Axes           | 2 4 6 8 |  8.5
Shields        | 3 4 |  4.0
Fighting       | |  3.0
Armour         | |  2.6

Action                     |  1- 3 |  4- 6 |  7- 9 || total
---------------------------+-------+-------+-------++-------
  Melee: War axe           |   116 |   134 |    98 ||   348
    Use: Scroll            |       |     7 |     2 ||     9
         Potion            |       |     3 |     4 ||     7
 Armour: Scale mail        |    40 |       |       ||    40
         Plate armour      |    30 |    67 |    96 ||   193
  Dodge: Dodged            |    39 |    37 |    32 ||   108
  Block: Buckler           |    32 |    60 |    58 ||   150

Illustrated notes

Table legend:
 A = Kills in this place as a percentage of kills in the entire game.
 B = Kills by you in this place as a percentage of kills by you in the entire game.
 C = Kills by friends in this place as a percentage of kills by friends in the entire game.
 D = Other kills in this place as a percentage of other kills in the entire game.
 E = Experience gained in this place as a percentage of experience gained in the entire game.
 F = Experience gained in this place divided by the number of levels of this place that you have seen.
                   A       B       C       D       E      F
               +-------+-------+-------+-------+-------+----------------------
         Total | 100.0 | 100.0 |   N/A |   N/A | 100.0 | 268.5
       Dungeon |  92.8 |  92.8 |   N/A |   N/A |  84.5 | 272.4
         Sewer |   7.2 |   7.2 |   N/A |   N/A |  15.5 | 249.0
               +-------+-------+-------+-------+-------+----------------------

Table legend: (Time is in decaauts)
 A = Elapsed time spent in this place.
 B = Non-inter-level travel time spent in this place.
 C = Inter-level travel time spent in this place.
 D = Time resting spent in this place.
 E = Time spent auto-exploring this place.
 F = Levels seen in this place.
 G = Mean time per level.
                   A        B        C        D        E       F      G
               +--------+--------+--------+--------+--------+-----+--------+
         Total |   3900 |   3762 |    138 |      2 |   2869 |   6 |  650.0 |
       Dungeon |   3600 |   3462 |    138 |      2 |   2682 |   5 |  720.0 |
         Sewer |    299 |    299 |      0 |      0 |    187 |   1 |  299.0 |
               +--------+--------+--------+--------+--------+-----+--------+

Top non-repeatable levels by time:
     D:3: 1031 daAuts
     D:1: 949 daAuts
     D:2: 708 daAuts
     D:4: 676 daAuts
   Sewer: 299 daAuts
     D:5: 233 daAuts
